 Dungeon Crawl Stone Soup version 0.29.1-2-gbd0b4ee654 (webtiles) character file.

Game seed: 17998394399796538296

147 xian the Chopper (level 5, 0/47 HPs)
             Began as a Hill Orc Berserker on Nov 23, 2022.
             Was a Believer of Trog.
             Slain by Grinder (2 damage)
             ... on level 4 of the Dungeon.
             The game lasted 00:05:38 (3355 turns).

xian the Chopper (Hill Orc Berserker)               Turns: 3355, Time: 00:05:38

Health: 0/47       AC: 12    Str: 22    XL:     5   Next: 29%
Magic:  5/5        EV: 10    Int: 13    God:    Trog [**....]
Gold:   156        SH:  3    Dex: 10    Spells: 4/4 levels left

rFire   . . .      SeeInvis .   n - +2 mace (protect)
rCold   . . .      Faith    .   h - +0 buckler
rNeg    . . .      Spirit   .   o - +0 ring mail
rPois   .          Reflect  .   (no helmet)
rElec   .          Harm     .   (no cloak)
rCorr   .          Rampage  .   (no gloves)
Will    .....                   (no boots)
Stlth   +.........              (no amulet)
HPRegen 0.15/turn               c - +6 ring of intelligence
MPRegen 0.09/turn               (no ring)

@: under a protective aura, on berserk cooldown, slowed, very slow
A: no striking features
a: Renounce Religion, Berserk, Trog's Hand


You were on level 4 of the Dungeon.
You worshipped Trog.
Trog was pleased with you.
You visited 1 branch of the dungeon, and saw 4 of its levels.

You collected 156 gold pieces.

Inventory:

Hand Weapons
 a - a +0 hand axe
 n - a +2 mace of protection (weapon)
Armour
 h - a +0 buckler (worn)
 o - a +0 ring mail (worn)
Jewellery
 c - a +6 ring of intelligence (left hand)
Scrolls
 b - 2 scrolls of identify {unknown}
 d - 2 scrolls of enchant armour {unknown}
 i - a scroll of enchant weapon {unknown}
 k - a scroll of summoning {unknown}
 m - 2 scrolls of teleportation {unknown}
Potions
 e - a potion of lignification {unknown}
 g - a potion of brilliance {unknown}
 j - a potion of mutation {unknown}
 l - 2 potions of ambrosia {unknown}
 p - a potion of might {unknown}
 q - a potion of curing {unknown}


   Skills:
 + Level 4.9 Fighting
 + Level 5.4(5.5) Axes
 + Level 1.2(3.1) Maces & Flails
 + Level 2.5 Armour
 + Level 2.3 Dodging
 + Level 0.3 Stealth
 + Level 0.1 Shields


You had 4 spell levels left.
You didn't know any spells.
Your spell library contained the following spells:

 Spells                   Type           Power      Damage    Failure   Level
 Apportation              Tloc           0%         N/A       56%         1
 Beastly Appendage        Tmut           0%         N/A       56%         1
 Sandblast                Erth           0%         2d4       56%         1
 Passwall                 Tmut/Erth      0%         N/A       71%         2
 Wereblood                Tmut           0%         N/A       71%         2
 Spider Form              Tmut/Pois      0%         N/A       90%         3
 Stone Arrow              Conj/Erth      0%         3d7       90%         3
 Alistair's Intoxication  Tmut/Pois      0%         N/A       100%        5


Dungeon Overview and Level Annotations

Branches:
Dungeon (4/15)
 Temple: D:4-7

Altars:

Annotations:
D:4 Grinder


Message History

You feel your anger nearly subside.
You are no longer berserk.
You are exhausted.
You feel yourself slow down.
Grinder blinks!
There is an escape hatch in the floor here.
Grinder gestures at you.
You barely resist. Grinder gestures at you.
You barely resist.
You slide downwards.
The hatch slams shut behind you.
You hear the hiss of flowing sand.
There is an entrance to an ossuary on this level.
Hurry and find it before the portal is buried!
It was a potion of heal wounds.
You feel much better. Grinder hits you.
You writhe in agony.
Grinder barely misses you. x2
You hit Grinder but do no damage.
Your weapon exudes an aura of protection.
Grinder closely misses you. Grinder hits you but does no damage.
You hit Grinder.
Grinder is lightly wounded.
Grinder closely misses you.
Grinder says, "I used to sell toenails on the black market."
Grinder hits you but does no damage.
You hit Grinder.
Grinder is moderately wounded.
Grinder hits you but does no damage. Grinder hits you.
You writhe in agony.
You barely miss Grinder.
Grinder is moderately wounded.
Grinder hits you but does no damage. x2
You hit Grinder.
Grinder is moderately wounded.
Grinder hits you.
You writhe in agony.
Grinder hits you.
* * * LOW HITPOINT WARNING * * *
You writhe in agony.
* * * LOW HITPOINT WARNING * * *
You hit Grinder.
Grinder is heavily wounded.
Grinder hits you!
* * * LOW HITPOINT WARNING * * *
You writhe in agony.
You die...

#.#.#
.#.##
.....
... ...
#.#
##.###.#
#......#
#5@#####
#..#
#...
#.### #.
#. #. ..


You could see Grinder.

Vanquished Creatures
  7 adders
  A worm (D:2)
  2 dart slugs (D:2)
  2 orcs
  6 ball pythons
  8 endoplasms
  4 giant cockroaches
  7 goblins
  2 hobgoblins (D:1)
  6 jackals
  7 kobolds
  3 quokkas
  7 bats
  5 frilled lizards
  2 rats
69 creatures vanquished.

Notes
Turn   | Place    | Note
-------+----------+-------------------------------------------
     0 | D:1      | xian the Hill Orc Berserker began the quest for the Orb.
     0 | D:1      | Reached XP level 1. HP: 19/19 MP: 1/1
   478 | D:1      | Reached XP level 2. HP: 27/27 MP: 2/2
   772 | D:1      | Reached XP level 3. HP: 33/33 MP: 3/3
   944 | D:1      | Reached ** piety under Trog
  1664 | D:2      | Reached skill level 5 in Axes
  1849 | D:2      | Reached XP level 4. HP: 29/40 MP: 4/4
  2388 | D:2      | Found a faded altar of an unknown god.
  2713 | D:2      | Reached skill level 1 in Maces & Flails
  2875 | D:3      | Reached XP level 5. HP: 42/47 MP: 5/5
  3337 | D:3      | Noticed Grinder
  3355 | D:4      | HP: 2/47 [Grinder (8)]
  3355 | D:4      | Slain by Grinder

Illustrated notes

Levels and vault maps discovered:
D:1:      dpeg_arrival_circle_labyrinth_c, layout_loops_ring, dk_noncrumbling_3
D:2:      layout_basic, ebering_ecumenical_altar_rust, minmay_distorted
D:3:      layout_loops_ring, nicolae_dithmenos_the_darkroom, uniq_grinder
D:4:      kennysheep_slugbush, layout_loops_ring, kiku_gazebo_garden_becter,
          enter_ossuary_5

Skill      XL: |  1  2  3  4 |
---------------+-------------+-----
Fighting       | 4 |  4.9
Axes           | 5 |  5.4
Dodging        | 2 |  2.3
Maces & Flails | 1 |  1.2
Armour         | |  2.5
Stealth        | |  0.3
Shields        | |  0.1

Action                   |  1- 3 |  4- 6 || total
-------------------------+-------+-------++-------
Melee: Hand axe          |    87 |    18 ||   105
       Mace              |       |    91 ||    91
Invok: Berserk           |     2 |     3 ||     5
  Use: Potion            |       |     1 ||     1
 Stab: Sleeping          |     1 |       ||     1
Armor: Animal skin       |    28 |     2 ||    30
       Ring mail         |       |    50 ||    50
Dodge: Dodged            |    73 |    56 ||   129
Block: Buckler           |     4 |    11 ||    15
